 Dungeon Crawl Stone Soup version 0.25-a0-834-g55863b0b92 (webtiles) character file.

Game seed: 13751458175412618322, levelgen mode: deterministic

1827 Esekla the Magician (level 9, -1/47 HPs)
             Began as a Tengu Venom Mage on Apr 22, 2020.
             Was a Believer of Qazlal.
             Slain by Grinder (2 damage)
             ... while paralysed by Grinder
             ... on level 6 of the Dungeon.
             The game lasted 01:01:18 (5363 turns).

Esekla the Magician (Tengu Venom Mage)              Turns: 5363, Time: 01:01:19

Health: -1/47      AC:  7    Str: 10    XL:     9   Next: 11%
Magic:  13/18      EV:  2    Int: 20    God:    Qazlal [**....]
Gold:   378        SH:  0    Dex: 16    Spells: 4/19 levels left

rFire    . . .     SeeInvis +   e - +0 short sword
rCold    . . .     Gourm    .   (no shield)
rNeg     . . .     Faith    .   d - +3 leather armour of the Vestibule of Hell {Int+2 Dex+2}
rPois    .         Spirit   .   (helmet restricted)
rElec    .         Reflect  .   p - +0 cloak
rCorr    .         Harm     .   (no gloves)
MR       .....                  (boots unavailable)
Stlth    ++........             (no amulet)
HPRegen  0.15/turn              (no ring)
MPRegen  0.16/turn              u - ring of see invisible

@: paralysed, mighty
A: beak, talons 3, able to fly
a: Fly, Upheaval, Renounce Religion


You were on level 6 of the Dungeon.
You worshipped Qazlal.
Qazlal was pleased with you.
You were not hungry.

You visited 2 branches of the dungeon, and saw 8 of its levels.

You collected 378 gold pieces.

Inventory:

Hand Weapons
 b - a +0 rapier
 e - a +0 short sword (weapon)
 j - a +0 spear
 v - the cursed +3 mace of Brutal Revenge {venom, +Blink rC- rN+ Int+3, unknown}
   (You found it on level 4 of the Dungeon)

   It poisons the flesh of those it strikes.
   It affects your intelligence (+3).
   It makes you vulnerable to cold.
   It protects you from negative energy.
   It lets you blink.
   It has a curse placed upon it.
Missiles
 h - 12 boomerangs (quivered)
 m - 2 silver boomerangs
 r - 11 poisoned darts
Armour
 d - the +3 leather armour of the Vestibule of Hell (worn) {Int+2 Dex+2}
   (You found it on level 4 of the Dungeon)

   It affects your intelligence (+2).
   It affects your dexterity (+2).
 l - a +2 leather armour of positive energy
 p - a +0 cloak (worn)
Jewellery
 u - a ring of see invisible (right hand)
Wands
 o - a wand of paralysis (8)
 C - a wand of iceblast (9)
Scrolls
 f - 3 scrolls of amnesia
 i - a scroll of teleportation
 n - 4 scrolls of identify
 q - a scroll of enchant armour {unknown}
 s - a scroll of blinking {unknown}
 t - a scroll of magic mapping
 y - 3 scrolls of fog {unknown}
 B - a scroll of enchant weapon {unknown}
Potions
 a - 2 potions of haste
 g - a potion of might
 k - 2 potions of curing
 w - 2 potions of invisibility
 x - a potion of experience
 z - a potion of heal wounds
 A - a potion of ambrosia
Comestibles
 c - 10 rations


   Skills:
 + Level 1.1 Fighting
 + Level 2.8 Short Blades
 + Level 4.2 Armour
 + Level 4.8 Dodging
 - Level 2.0 Stealth
 * Level 5.9 Spellcasting
 * Level 4.4 Conjurations
 * Level 1.0 Necromancy
 * Level 1.9 Transmutations
 * Level 3.3 Fire Magic
 + Level 4.1 Air Magic
 + Level 4.1 Poison Magic


You had 4 spell levels left.
You knew the following spells:

 Your Spells              Type           Power        Failure   Level  Hunger
c - Mephitic Cloud        Conj/Pois/Air  ###.....     8%          3    ##.....
d - Vampiric Draining     Necr           ##........   26%         3    ##.....
n - Ignite Poison         Fire/Tmut/Pois ###.....     12%         3    ##.....
v - Poisonous Vapours     Pois/Air       ###...       3%          2    None
x - Olgreb's Toxic Radia  Pois           ###.....     26%         4    ####...

Your spell library contained the following spells:

 Spells                   Type           Power        Failure   Level  Hunger
 Sting                    Tmut/Pois      ###.         4%          1    None
 Animate Skeleton         Necr           N/A          9%          1    None
 Pain                     Necr           ##..         9%          1    None
 Animate Dead             Necr           N/A          65%         4    ####...
 Agony                    Necr           ##......     94%         5    #####..


Dungeon Overview and Level Annotations

Branches:
Dungeon (7/15)             Temple (1/1) D:6

Altars:
Ashenzari
Makhleb
Qazlal
Ru
Uskayaw
Vehumet
Xom
Yredelemnul
Zin
The Shining One

Annotations:
D:6 Grinder


Innate Abilities, Weirdness & Mutations

You have a beak for a mouth.
You have claws for feet.
You can fly continuously.


Message History

* * * LOW HITPOINT WARNING * * *
Grinder gestures at you.
You shrug off the repeated paralysis!
You can move again.
You puncture Grinder! Your kick misses Grinder. You peck Grinder!
Grinder is heavily wounded.
Grinder blinks!
Grinder misses you.
You puncture Grinder!
Grinder is almost dead.
Grinder gestures at you.
You suddenly lose the ability to move!
Grinder hits you.
* * * LOW HITPOINT WARNING * * *
You writhe in agony.
* * * LOW HITPOINT WARNING * * *
Grinder hits you.
* * * LOW HITPOINT WARNING * * *
You writhe in agony.
You die...

...................# #.#
...................## #.#
....................## #(#
<....................## #.#
...(.....##...#.......# #.#
.........# #..........#######.##
.........# #.#..............#..#
####z.######.###......#.....##.#
#>....#.........@...........##.##
..#.....####.##.5.....#.....##..#
..z.....# #$##.......#.....###.#
..#.....# #.##.......#.....# #.#
z####.### #.###........# ### #.#
.# #.# #.# ##...###.## ###.#
.###..# #.## #######..####...#
.....## ####..########.....)).###
h########..............#.#######


You could see Grinder.

Vanquished Creatures
  Prince Ribbit (D:5)
  Sigmund (D:6)
  Menkaure (D:6)
  A sky beast (D:5)
  An ogre (D:4)
  A phantom (D:6)
  2 scorpions (D:5)
  3 wights
  A howler monkey (D:5)
  A crimson imp (D:5)
  A centaur skeleton (D:5)
  2 hounds
  An orc priest (D:3)
  2 gnoll shamans
  10 orc wizards
  An iguana (D:5)
  A worker ant (D:5)
  A worker ant zombie (D:5)
  8 gnolls
  12 adders
  A shadow imp (D:5)
  2 adder skeletons (D:4)
  5 leopard geckos
  21 orcs
  7 bats
  9 giant cockroaches
  2 gnoll zombies (D:4)
  3 goblins
  5 hobgoblins
  7 kobolds
  4 quokkas
  3 frilled lizards
  A jackal zombie (D:6)
  2 leopard gecko skeletons
  A quokka skeleton (D:4)
  A quokka zombie (D:6)
  2 rats
  A bush (D:1)
129 creatures vanquished.

Notes
Turn   | Place    | Note
-------+----------+-------------------------------------------
     0 | D:1      | Esekla the Tengu Venom Mage began the quest for the Orb.
     0 | D:1      | Reached XP level 1. HP: 10/10 MP: 4/4
   221 | D:1      | Reached XP level 2. HP: 14/15 MP: 3/6
   226 | D:1      | Learned a level 2 spell: Poisonous Vapours
   717 | D:2      | Reached skill level 1 in Armour
   717 | D:2      | Reached skill level 1 in Air Magic
   717 | D:2      | Reached XP level 3. HP: 19/19 MP: 2/7
   790 | D:2      | Learned a level 3 spell: Mephitic Cloud
  1372 | D:2      | Reached XP level 4. HP: 24/24 MP: 1/9
  1489 | D:2      | Reached skill level 1 in Short Blades
  1591 | D:2      | Gained mutation: You can fly continuously. [Tengu growth]
  1591 | D:2      | Reached XP level 5. HP: 28/28 MP: 2/10
  1668 | D:2      | Reached skill level 3 in Spellcasting
  2147 | D:3      | Reached skill level 1 in Conjurations
  2170 | D:3      | Learned a level 3 spell: Ignite Poison
  2512 | D:4      | Reached XP level 6. HP: 30/32 MP: 5/12
  2601 | D:4      | Got a transparent leather armour
  2642 | D:4      | Reached skill level 4 in Spellcasting
  2931 | D:4      | Identified the +3 leather armour of the Vestibule of Hell
                  | {Int+2 Dex+2} (You found it on level 4 of the Dungeon)
  3036 | D:4      | Reached XP level 7. HP: 36/36 MP: 3/14
  3043 | D:4      | Got a fine mace
  3102 | D:4      | Found a stormy altar of Qazlal.
  3255 | D:4      | Found a basalt altar of Yredelemnul.
  3378 | D:4      | Became a worshipper of Qazlal Stormbringer
  3397 | D:5      | Entered Level 5 of the Dungeon
  3490 | D:5      | Found a radiant altar of Vehumet.
  3534 | D:5      | Found a burning altar of Makhleb.
  3551 | D:5      | Found a shimmering altar of Xom.
  3601 | D:5      | Noticed Prince Ribbit
  3839 | D:5      | Reached skill level 1 in Transmutations
  3839 | D:5      | Reached XP level 8. HP: 39/42 MP: 8/16
  3850 | D:5      | Reached skill level 5 in Spellcasting
  3969 | D:5      | Killed Prince Ribbit
  3969 | D:5      | Reached * piety under Qazlal
  3969 | D:5      | Reached skill level 1 in Fighting
  3969 | D:5      | Reached skill level 1 in Fire Magic
  4537 | D:6      | Noticed Sigmund
  4556 | D:6      | Killed Sigmund
  4562 | D:6      | Learned a level 3 spell: Vampiric Draining
  4654 | D:6      | Learned a level 4 spell: Olgreb's Toxic Radiance
  4954 | D:6      | Found a staircase to the Ecumenical Temple.
  5033 | Temple   | Entered the Ecumenical Temple
  5089 | D:6      | Reached ** piety under Qazlal
  5126 | D:6      | Noticed Menkaure
  5330 | D:6      | Killed Menkaure
  5330 | D:6      | Reached skill level 1 in Necromancy
  5330 | D:6      | Reached XP level 9. HP: 47/47 MP: 8/18
  5340 | D:6      | Noticed Grinder
  5355 | D:6      | Paralysed by Grinder for 4 turns
  5361 | D:6      | Paralysed by Grinder for 7 turns
  5363 | D:6      | HP: 1/47 [Grinder (3)]
  5363 | D:6      | Slain by Grinder

Levels and vault maps discovered:
D:1:      dpeg_arrival_shelter, layout_basic, serial_forest,
          infiniplex_forest_clump_tiny, infiniplex_forest_lined_3,
          infiniplex_forest_straight_3, infiniplex_forest_clump_long,
          infiniplex_forest_straight_2, infiniplex_forest_straight_3,
          infiniplex_forest_clump_tiny
D:2:      layout_rooms, minmay_pentomino_v2
D:3:      layout_basic
D:4:      layout_cave_pools, old_standard_altar,
          lemuel_zombie_altar_yredelemnul, corexii_hall_statues_deadend,
          hangedman_abyss_or_decor_passed, st_stairs_9
D:5:      layout_cave_pools, grunt_temple_overflow_open, first_ration,
          st_stairs_12, uniq_prince_ribbit1
D:6:      layout_rooms, minmay_temple_entry_overgrown, uniq_menkaure,
          uniq_sigmund, uniq_grinder
D:7:      layout_loops_ring, nicolae_gozag_zags_fifth_avenue,
          okawaru_gym_becter, gammafunk_ghost_arena, grunt_livestock,
          uniq_maggie
Temple:   cyrus_circular_temple

Skill      XL: |  1  2  3  4  5  6  7  8  9 |
---------------+----------------------------+-----
Armour         | 1 2 3 4 |  4.2
Air Magic      | 1 2 3 4 |  4.1
Short Blades   | 1 2 |  2.8
Spellcasting   | 3 4 5 |  5.9
Conjurations   | 1 3 4 |  4.4
Dodging        | 3 4 |  4.8
Transmutations | 1 |  1.9
Fighting       | 1 |  1.1
Fire Magic     | 3 |  3.3
Poison Magic   | 4 |  4.1
Necromancy     | 1 |  1.0
Stealth        | |  2.0

Action                   |  1- 3 |  4- 6 |  7- 9 || total
-------------------------+-------+-------+-------++-------
Melee: Unarmed           |     2 |       |       ||     2
       Dagger            |    12 |       |       ||    12
       Kick              |    60 |     8 |    45 ||   113
       Short sword       |   125 |    54 |   146 ||   325
       Peck              |    34 |     7 |    23 ||    64
Throw: Boomerang         |     1 |     9 |    19 ||    29
 Cast: Sting             |     5 |       |       ||     5
       Poisonous Vapours |    20 |    52 |    50 ||   122
       Mephitic Cloud    |       |     2 |    13 ||    15
       Ignite Poison     |       |       |     4 ||     4
  Use: Scroll            |       |     8 |     4 ||    12
       Potion            |       |       |     8 ||     8
 Stab: Confused          |       |     2 |     3 ||     5
       Sleeping          |       |     2 |     1 ||     3
  Eat: Chunk             |     2 |     8 |    10 ||    20
Armor: Leather armour    |    12 |    22 |    42 ||    76
Dodge: Dodged            |    28 |    41 |   109 ||   178
Block: Other             |       |       |     3 ||     3

Table legend:
 A = Non-vault XP
 B = Vault XP
 C = Vault XP percentage of total XP
 D = Non-vault monster count
 E = Vault monster count
 F = Vault count percentage of total count
                 A         B        C        D         E       F
            +---------+---------+-------+---------+---------+-------
      Total |    1849 |     761 |  29.2 |     119 |       9 |   7.0
            +---------+---------+-------+---------+---------+-------
        D:1 |      62 |       0 |   0.0 |      20 |       0 |   0.0
        D:2 |     126 |       3 |   2.3 |      19 |       1 |   5.0
        D:3 |     136 |       0 |   0.0 |      12 |       0 |   0.0
        D:4 |     283 |      44 |  13.5 |      15 |       3 |  16.7
        D:5 |     810 |     329 |  28.9 |      33 |       3 |   8.3
        D:6 |     428 |     385 |  47.4 |      17 |       2 |  10.5
        D:7 |       4 |       0 |   0.0 |       3 |       0 |   0.0
            +---------+---------+-------+---------+---------+-------
